3140 views
Uploaded 2020-07-13 17:18:24
Game version 1.32.6 / 1.32.7
9:54 long 3on3 ladder game on (6)BloodstoneMesa_LV
Saved by koz
3140 views
Uploaded 2020-07-13 17:18:24
Game version 1.32.6 / 1.32.7
9:54 long 3on3 ladder game on (6)BloodstoneMesa_LV


86 units @ 10k
/ 0.8k
31 buildings @ 5.7k
/ 2.1k


| Rod of Necromancy | 3 | 450 |
| Potion of Healing | 1 | 150 |
| Potion of Lesser Invulnerability | 1 | 150 |
| Scroll of Protection | 1 | 150 |
| total: | 6 | 900g |
| Acolyte | 8 | 600 | / | 0 |
| Ghoul | 4 | 480 | / | 0 |
| Crypt Fiend | 7 | 1505 | / | 280 |
| Gargoyle | 2 | 350 | / | 60 |
| Obsidian Statue | 3 | 600 | / | 105 |
| total: | 24 | 3535g | / | 445w |
| Nerubian Tower | 2 | 200 | / | 40 |
| Spirit Tower | 1 | 145 | / | 40 |
| Graveyard | 1 | 215 | / | 0 |
| Crypt | 1 | 200 | / | 50 |
| Ziggurat | 6 | 900 | / | 300 |
| Altar of Darkness | 1 | 180 | / | 50 |
| Tomb of Relics | 1 | 130 | / | 30 |
| Necropolis | 1 | 225 | / | 0 |
| Slaughterhouse | 1 | 140 | / | 135 |
| Halls of the Dead | 1 | 320 | / | 210 |
| Black Citadel | 1 | 325 | / | 230 |
| total: | 12 | 1990g | / | 565w |
| 0:01 | Acolyte |
| 0:05 | Graveyard |
| 0:07 | Crypt |
| 0:17 | Acolyte |
| 0:17 | Acolyte |
| 0:28 | Ziggurat |
| 0:44 | Altar of Darkness |
| 1:09 | Ghoul |
| 1:26 | Crypt Fiend |
| 1:34 | Ziggurat |
| 1:48 | Tomb of Relics |
| 2:03 | Ghoul |
| 2:27 | Acolyte |
| 2:30 | Crypt Fiend |
| 2:44 | Carrion Beetles |
| 2:50 | Nerubian Tower |
| 2:56 | Rod of Necromancy |
| 3:38 | Necropolis |
| 3:52 | Impale |
| 4:07 | Halls of the Dead |
| 4:25 | Crypt Fiend |
| 4:39 | Ziggurat |
| 4:52 | Carrion Beetles |
| 5:00 | Crypt Fiend |
| 5:14 | Acolyte |
| 5:22 | Rod of Necromancy |
| 5:30 | Acolyte |
| 5:36 | Ziggurat |
| 5:46 | Creature Attack |
| 5:50 | Acolyte |
| 6:09 | Crypt Fiend |
| 6:11 | Acolyte |
| 6:26 | Ziggurat |
| 6:45 | Slaughterhouse |
| 6:54 | Nerubian Tower |
| 6:55 | Ziggurat |
| 6:58 | Impale |
| 7:14 | Ghoul |
| 7:14 | Ghoul |
| 7:33 | Gargoyle |
| 7:33 | Gargoyle |
| 7:35 | Death Coil |
| 7:38 | Rod of Necromancy |
| 7:39 | Potion of Healing |
| 8:00 | Black Citadel |
| 8:04 | Spirit Tower |
| 8:10 | Obsidian Statue |
| 8:21 | Creature Carapace |
| 8:38 | Potion of Lesser Invulnerability |
| 8:38 | Scroll of Protection |
| 8:58 | Web |
| 9:35 | Obsidian Statue |
| 9:35 | Crypt Fiend |
| 9:42 | Unholy Aura |
| 9:45 | Crypt Fiend |
| 9:46 | Obsidian Statue |
| 9:52 | Carrion Beetles |
| Select group | 689 |
| Select | 362 |
| Right click | 320 |
| Misc. action | 132 |
| Chat | 75 |
| Build/train/purchase | 67 |
| Assign group | 31 |
| Use ability | 13 |
| Resource trade | 5 |
| Remove unit | 4 |

| Scroll of Healing | 1 | 250 |
| total: | 1 | 250g |
| Wisp | 21 | 1260 | / | 0 |
| Archer | 1 | 130 | / | 10 |
| Centaur Archer | 7 | 1050 | / | 70 |
| Centaur Outrunner | 5 | 975 | / | 0 |
| Harpy Windwitch | 2 | 480 | / | 60 |
| total: | 36 | 3895g | / | 140w |
| Altar of Elders | 1 | 180 | / | 50 |
| Moon Well | 5 | 900 | / | 200 |
| Ancient of War | 1 | 150 | / | 60 |
| Tree of Life | 2 | 680 | / | 370 |
| Tree of Ages | 1 | 320 | / | 180 |
| total: | 9 | 1910g | / | 680w |
| 0:01 | Wisp |
| 0:04 | Altar of Elders |
| 0:05 | Wisp |
| 0:10 | Moon Well |
| 0:23 | Ancient of War |
| 0:31 | Wisp |
| 0:31 | Wisp |
| 0:31 | Wisp |
| 0:39 | Wisp |
| 0:48 | Wisp |
| 0:58 | Wisp |
| 1:08 | Wisp |
| 1:23 | Archer |
| 1:30 | Moon Well |
| 1:37 | Wisp |
| 1:49 | Wisp |
| 2:01 | Moon Well |
| 2:04 | Mana Burn |
| 2:26 | Wisp |
| 3:00 | Wisp |
| 3:01 | Tree of Ages |
| 3:18 | Moon Well |
| 3:37 | Centaur Archer |
| 3:45 | Evasion |
| 3:45 | Centaur Outrunner |
| 5:06 | Mana Burn |
| 5:17 | Centaur Archer |
| 5:17 | Centaur Outrunner |
| 5:34 | Centaur Archer |
| 5:34 | Centaur Outrunner |
| 6:03 | Tree of Life |
| 6:30 | Tree of Life |
| 6:34 | Evasion |
| 6:50 | Centaur Archer |
| 7:07 | Wisp |
| 7:43 | Harpy Windwitch |
| 7:43 | Centaur Archer |
| 7:57 | Harpy Windwitch |
| 8:00 | Moon Well |
| 8:10 | Wisp |
| 8:10 | Wisp |
| 8:12 | Wisp |
| 8:21 | Scroll of Healing |
| 8:27 | Centaur Outrunner |
| 8:34 | Wisp |
| 8:34 | Wisp |
| 8:34 | Wisp |
| 8:41 | Wisp |
| 9:04 | Mana Burn |
| 9:09 | Centaur Outrunner |
| 9:47 | Centaur Archer |
| 9:50 | Centaur Archer |
| Select group | 1074 |
| Right click | 606 |
| Select | 419 |
| Misc. action | 140 |
| Assign group | 127 |
| Build/train/purchase | 79 |
| Chat | 37 |
| Use ability | 30 |
| Item give/drop | 4 |
| Esc | 2 |

| Moonstone | 1 | 50 |
| Boots of Speed | 1 | 250 |
| total: | 2 | 300g |
| Wisp | 17 | 1020 | / | 0 |
| Archer | 3 | 390 | / | 30 |
| Huntress | 4 | 780 | / | 80 |
| Dryad | 1 | 145 | / | 60 |
| Druid of the Claw | 1 | 255 | / | 80 |
| total: | 26 | 2590g | / | 250w |
| Altar of Elders | 1 | 180 | / | 50 |
| Moon Well | 3 | 540 | / | 120 |
| Ancient of War | 1 | 150 | / | 60 |
| Ancient of Wonders | 1 | 90 | / | 30 |
| Hunter's Hall | 1 | 210 | / | 100 |
| Tree of Life | 1 | 340 | / | 185 |
| Ancient of Lore | 2 | 310 | / | 290 |
| Tree of Ages | 1 | 320 | / | 180 |
| Tree of Eternity | 1 | 330 | / | 200 |
| total: | 10 | 1820g | / | 835w |
| 0:01 | Wisp |
| 0:04 | Altar of Elders |
| 0:12 | Wisp |
| 0:17 | Moon Well |
| 0:28 | Wisp |
| 0:39 | Wisp |
| 0:45 | Ancient of War |
| 0:48 | Wisp |
| 1:04 | Wisp |
| 1:23 | Wisp |
| 1:23 | Wisp |
| 1:24 | Wisp |
| 1:26 | Ancient of Wonders |
| 1:46 | Archer |
| 1:51 | Moon Well |
| 2:16 | Shadow Strike |
| 2:20 | Wisp |
| 2:20 | Wisp |
| 2:48 | Tree of Ages |
| 2:49 | Archer |
| 2:56 | Archer |
| 3:21 | Hunter's Hall |
| 3:25 | Moonstone |
| 4:05 | Blink |
| 4:08 | Moon Well |
| 4:32 | Huntress |
| 4:32 | Huntress |
| 4:54 | Sentinel |
| 5:08 | Tree of Life |
| 5:14 | Wisp |
| 5:20 | Shadow Strike |
| 5:38 | Tree of Eternity |
| 6:32 | Ancient of Lore |
| 7:11 | Ancient of Lore |
| 7:26 | Huntress |
| 7:51 | Blink |
| 7:55 | Wisp |
| 7:55 | Wisp |
| 7:55 | Wisp |
| 7:55 | Wisp |
| 7:55 | Wisp |
| 7:57 | Huntress |
| 7:59 | Dryad |
| 8:17 | Boots of Speed |
| 8:28 | Druid of the Claw Adept Training |
| 8:29 | Abolish Magic |
| 9:38 | Druid of the Claw Master Training |
| 9:38 | Druid of the Claw |
| 9:42 | Shadow Strike |
| Right click | 508 |
| Select group | 206 |
| Select | 131 |
| Chat | 84 |
| Build/train/purchase | 43 |
| Misc. action | 32 |
| Use ability | 20 |
| Assign group | 17 |
| Resource trade | 10 |
| Item give/drop | 1 |
| Remove unit | 1 |
46 units @ 6.1k
/ 0.2k
34 buildings @ 4.6k
/ 1.5k


| Scroll of Regeneration | 2 | 200 |
| Lesser Clarity Potion | 3 | 210 |
| Scroll of Town Portal | 1 | 350 |
| total: | 6 | 760g |
| Peasant | 10 | 750 | / | 0 |
| Footman | 1 | 135 | / | 0 |
| Rifleman | 4 | 820 | / | 120 |
| Priest | 1 | 135 | / | 10 |
| Sorceress | 1 | 155 | / | 20 |
| total: | 17 | 1995g | / | 150w |
| Scout Tower | 3 | 90 | / | 60 |
| Arcane Tower | 1 | 70 | / | 50 |
| Guard Tower | 2 | 140 | / | 100 |
| Altar of Kings | 1 | 180 | / | 50 |
| Farm | 5 | 400 | / | 100 |
| Arcane Vault | 2 | 260 | / | 60 |
| Barracks | 1 | 160 | / | 60 |
| Lumber Mill | 1 | 120 | / | 0 |
| Blacksmith | 1 | 140 | / | 60 |
| Arcane Sanctum | 2 | 300 | / | 280 |
| Keep | 1 | 320 | / | 210 |
| total: | 16 | 1650g | / | 670w |
| 0:06 | Altar of Kings |
| 0:08 | Peasant |
| 0:12 | Farm |
| 0:23 | Arcane Vault |
| 0:26 | Arcane Vault |
| 0:49 | Peasant |
| 1:01 | Peasant |
| 1:21 | Farm |
| 1:24 | Peasant |
| 1:39 | Scroll of Regeneration |
| 1:39 | Lesser Clarity Potion |
| 1:40 | Lesser Clarity Potion |
| 1:44 | Flame Strike |
| 1:49 | Peasant |
| 1:59 | Scout Tower |
| 2:00 | Peasant |
| 2:50 | Peasant |
| 2:55 | Barracks |
| 2:56 | Peasant |
| 2:56 | Peasant |
| 2:59 | Arcane Tower |
| 3:08 | Scout Tower |
| 3:12 | Lumber Mill |
| 3:13 | Peasant |
| 3:51 | Scout Tower |
| 4:09 | Keep |
| 4:13 | Blacksmith |
| 4:30 | Guard Tower |
| 4:33 | Farm |
| 4:40 | Footman |
| 4:41 | Scroll of Regeneration |
| 4:42 | Lesser Clarity Potion |
| 4:56 | Guard Tower |
| 5:31 | Rifleman |
| 5:33 | Farm |
| 5:35 | Rifleman |
| 6:24 | Black Gunpowder |
| 6:33 | Arcane Sanctum |
| 6:47 | Scroll of Town Portal |
| 7:08 | Rifleman |
| 7:34 | Priest |
| 7:39 | Summon Water Elemental |
| 7:43 | Farm |
| 7:46 | Siphon Mana |
| 7:52 | Studded Leather Armor |
| 7:57 | Sorceress |
| 8:31 | Rifleman |
| 8:33 | Priest Adept Training |
| 8:38 | Arcane Sanctum |
| Select | 232 |
| Right click | 198 |
| Build/train/purchase | 42 |
| Use ability | 12 |
| Remove unit | 2 |
| Item give/drop | 1 |
| Minimap ping | 1 |

| Healing Salve | 3 | 300 |
| Lesser Clarity Potion | 1 | 70 |
| Scroll of Speed | 2 | 100 |
| total: | 6 | 470g |
| Peon | 3 | 225 | / | 0 |
| Grunt | 4 | 800 | / | 0 |
| Troll Headhunter | 3 | 420 | / | 60 |
| total: | 10 | 1445g | / | 60w |
| Altar of Storms | 1 | 180 | / | 50 |
| Barracks | 1 | 180 | / | 50 |
| Orc Burrow | 4 | 640 | / | 160 |
| Voodoo Lounge | 1 | 130 | / | 30 |
| War Mill | 1 | 205 | / | 0 |
| Stronghold | 1 | 315 | / | 190 |
| total: | 8 | 1335g | / | 290w |
| 0:44 | Altar of Storms |
| 0:52 | Barracks |
| 1:01 | Orc Burrow |
| 1:02 | Peon |
| 2:08 | Grunt |
| 2:08 | Grunt |
| 2:33 | Peon |
| 2:33 | Peon |
| 2:48 | Voodoo Lounge |
| 3:33 | War Stomp |
| 4:03 | War Mill |
| 5:23 | Healing Salve |
| 5:23 | Lesser Clarity Potion |
| 5:24 | Scroll of Speed |
| 5:25 | Healing Salve |
| 5:38 | Orc Burrow |
| 5:47 | Orc Burrow |
| 7:23 | Healing Salve |
| 7:24 | Scroll of Speed |
| 7:27 | Grunt |
| 7:27 | Grunt |
| 7:28 | Troll Headhunter |
| 7:28 | Troll Headhunter |
| 7:29 | Troll Headhunter |
| 8:13 | Orc Burrow |
| 8:33 | Stronghold |
| 8:35 | Steel Melee Weapons |
| 8:36 | Steel Armor |
| Select | 49 |
| Right click | 43 |
| Build/train/purchase | 28 |
| Use ability | 10 |
| Misc. action | 2 |
| Remove unit | 1 |

| Peon | 8 | 600 | / | 0 |
| Grunt | 9 | 1800 | / | 0 |
| Shaman | 2 | 260 | / | 40 |
| total: | 19 | 2660g | / | 40w |
| Watch Tower | 1 | 110 | / | 80 |
| Orc Burrow | 5 | 800 | / | 200 |
| Altar of Storms | 1 | 180 | / | 50 |
| Barracks | 1 | 180 | / | 50 |
| War Mill | 1 | 205 | / | 0 |
| Spirit Lodge | 1 | 150 | / | 150 |
| Stronghold | 1 | 315 | / | 190 |
| Fortress | 1 | 325 | / | 190 |
| total: | 10 | 1625g | / | 530w |
| 0:05 | Orc Burrow |
| 0:06 | Peon |
| 0:06 | Peon |
| 0:09 | Altar of Storms |
| 0:37 | Barracks |
| 0:44 | Peon |
| 1:05 | Peon |
| 1:19 | Peon |
| 1:33 | Orc Burrow |
| 1:38 | Peon |
| 1:38 | Peon |
| 1:55 | Grunt |
| 2:26 | War Mill |
| 2:41 | Orc Burrow |
| 2:57 | Endurance Aura |
| 3:08 | Grunt |
| 3:52 | Watch Tower |
| 3:55 | Grunt |
| 3:57 | Stronghold |
| 4:07 | Steel Melee Weapons |
| 4:48 | Grunt |
| 5:24 | Grunt |
| 5:29 | Steel Armor |
| 6:37 | Spirit Lodge |
| 6:41 | Peon |
| 6:46 | Grunt |
| 6:58 | Fortress |
| 7:08 | Thorium Melee Weapons |
| 7:16 | Grunt |
| 7:48 | War Stomp |
| 8:07 | Shaman |
| 8:07 | Grunt |
| 8:30 | Orc Burrow |
| 8:34 | Orc Burrow |
| 9:06 | Shaman |
| 9:07 | Grunt |
| Right click | 249 |
| Select | 101 |
| Select group | 49 |
| Build/train/purchase | 27 |
| Assign group | 3 |
| Use ability | 1 |
⇛